 Dungeon Crawl Stone Soup version 0.18.1-50-g88ac8fd (webtiles) character file.

224 Chiseanne the Gusty (level 5, -2/38 HPs)
             Began as a Centaur Air Elementalist on Oct 4, 2016.
             Slain by Menkaure (15 damage)
             ... on level 4 of the Dungeon.
             The game lasted 00:08:44 (3896 turns).

Chiseanne the Gusty (Centaur Air Elementalist)      Turns: 3896, Time: 00:08:45

Health: -2/38      AC:  5    Str: 11    XL:     5   Next: 67%
Magic:  3/9        EV:  9    Int: 15    God:
Gold:   118        SH:  0    Dex:  9    Spells: 3 memorised, 3 levels left

rFire  . . .     SeeInvis .     a - +1 mace
rCold  . . .     Gourm    .     j - +0 robe
rNeg   . . .     Faith    .     (no shield)
rPois  .         Spirit   .     (no helmet)
rElec  .         Dismiss  .     s - +0 cloak
rCorr  .         Reflect  .     (no gloves)
SustAt .         Harm     .     (no barding)
MR     .....                    g - amulet of magic regeneration
Stlth  +.........               (no ring)
                                (no ring)

@: very slightly contaminated, repel missiles, very quick, not resistant to
hostile enchantments, very unstealthy
A: hooves 3, deformed body, speed 2, tough skin 3
a: no special abilities


You were on level 4 of the Dungeon.
You were not hungry.

You visited 1 branch of the dungeon, and saw 4 of its levels.

You collected 118 gold pieces.

Inventory:

Hand Weapons
 a - a +1 mace (weapon)
Missiles
 d - 119 stones (quivered)
 h - 24 arrows
 r - 5 tomahawks
Armour
 j - a +0 robe (worn)
 s - a +0 cloak (worn)
Jewellery
 g - an amulet of magic regeneration (around neck)
 k - an uncursed ring of stealth {unknown}
Scrolls
 m - a scroll of teleportation
 v - 3 scrolls of immolation {unknown}
Potions
 e - 2 potions of curing {unknown}
 i - a potion of brilliance
 q - a potion of flight
 t - a potion of heal wounds {unknown}
Books
 b - a book of Air

   Spells                             Type                      Level
   a - Shock                          Conjuration/Air              1
   b - Swiftness                      Charms/Air                   2
   c - Repel Missiles                 Charms/Air                   2
   d - Static Discharge               Conjuration/Air              3
   e - Lightning Bolt                 Conjuration/Air              5
Comestibles
 c - 3 bread rations
 f - a chunk of flesh
 l - a beef jerky
 n - 2 meat rations
 o - a slice of pizza
 p - a royal jelly
 u - a fruit


   Skills:
 - Level 1.3 Dodging
 - Level 1.2 Stealth
 * Level 2.9 Spellcasting
 * Level 3.0 Conjurations
 * Level 4.0 Air Magic


You had 3 spell levels left.
You knew the following spells:

 Your Spells              Type           Power        Failure   Level  Hunger
a - Shock                 Conj/Air       ##..         6%          1    #......
b - Static Discharge      Conj/Air       ##......     17%         3    ###....
c - Repel Missiles        Chrm/Air       #.....       14%         2    ##.....


Dungeon Overview and Level Annotations

Branches:
Dungeon (4/15)
 Temple: D:4-7

Altars:
Zin

Shops:
D:4 =

Annotations:
D:4 Menkaure


Innate Abilities, Weirdness & Mutations

You have hooves in place of feet.
Armour fits poorly on your strangely shaped body.
You cover ground very quickly.
You have extremely tough skin (AC +3).


Message History

v - 3 scrolls labeled WEG LU GADUFY You open the door.
Menkaure, Prince of Dust comes into view.
Menkaure shouts!
Found a slice of pizza.
Found Voulitan's Jewellery Emporium.
Found 17 gold pieces.
There is an open door here.
Casting: Shock
Confirm with . or Enter, or press ? or * to list all spells.
Menkaure is struck by lightning.
Menkaure is moderately damaged.
The lightning arcs!
You are struck by lightning.
The lightning grounds out.
Menkaure hits you!!
Ouch! That really hurt!
Casting: Static Discharge
Confirm with . or Enter, or press ? or * to list all spells.
You miscast Static Discharge.
You are very lightly contaminated with residual magic.
You feel momentarily weightless. Menkaure hits you!
You die...

## #. ######. #......
#...... #..%...
#......#################
#....∩M@................
#......#################
....... ....... .......
....... ....... .....$.


You could see Menkaure.

Vanquished Creatures
  An ogre (D:4)
  Jessica (D:3)
  Ijyb (D:3)
  3 adders
  3 worms (D:2)
  2 dart slugs
  5 giant geckos
  An orc (D:3)
  A giant cockroach (D:3)
  6 goblins
  4 hobgoblins (D:1)
  3 jackals (D:3)
  9 bats
  3 giant newts
  3 kobolds
  8 rats
54 creatures vanquished.

Notes
Turn   | Place    | Note
--------------------------------------------------------------
     0 | D:1      | Chiseanne the Centaur Air Elementalist began the quest for the Orb.
     0 | D:1      | Reached XP level 1. HP: 14/14 MP: 3/3
    64 | D:1      | Reached skill level 1 in Conjurations
   432 | D:1      | Reached skill level 3 in Air Magic
   432 | D:1      | Reached XP level 2. HP: 20/20 MP: 0/4
  1418 | D:2      | Reached XP level 3. HP: 26/26 MP: 6/6
  1426 | D:2      | Learned a level 3 spell: Static Discharge
  1429 | D:2      | Learned a level 2 spell: Repel Missiles
  2428 | D:3      | Found a glowing silver altar of Zin.
  2576 | D:3      | Reached XP level 4. HP: 33/33 MP: 4/7
  2871 | D:3      | Noticed Ijyb
  2891 | D:3      | Killed Ijyb
  3207 | D:3      | Noticed Jessica
  3212 | D:3      | Killed Jessica
  3456 | D:4      | Noticed an ogre
  3471 | D:4      | Killed an ogre
  3471 | D:4      | Reached XP level 5. HP: 17/38 MP: 1/9
  3680 | D:4      | Reached skill level 4 in Air Magic
  3893 | D:4      | Found Voulitan's Jewellery Emporium.
  3893 | D:4      | Noticed Menkaure
  3896 | D:4      | Slain by Menkaure

Skill      XL: |  1  2  3  4  5 |
---------------+----------------+-----
Conjurations   | 1 2 3 |  3.0
Air Magic      | 3 4 |  4.0
Spellcasting   | 2 |  2.9
Dodging        | |  1.3
Stealth        | |  1.2

Action                   |  1- 3 |  4- 6 || total
-------------------------+-------+-------++-------
Melee: Short sword       |    10 |       ||    10
       Kick              |     5 |     3 ||     8
       Mace              |    29 |    12 ||    41
 Cast: Shock             |    88 |    37 ||   125
       Repel Missiles    |     1 |       ||     1
       Static Discharge  |       |     3 ||     3
  Use: Scroll            |     7 |     1 ||     8
  Eat: Chunk             |     6 |     4 ||    10
Armor: Robe              |    18 |     5 ||    23
Dodge: Dodged            |    30 |     7 ||    37
